 Dungeon Crawl Stone Soup version 0.32-a0-39-g5c88369fb2 (webtiles) character file.

Game seed: 16531216805972530595

275 Ge0ff the Firebug (level 6, -3/47 HPs)
             Began as a Mummy Cinder Acolyte on Jan 31, 2024.
             Was an Elder of Ignis.
             Blown up by Ijyb (19 damage)
             ... with a mindburst bolt
             ... on level 3 of the Dungeon.
             The game lasted 00:04:59 (2979 turns).

Ge0ff the Firebug (Mummy Cinder Acolyte)            Turns: 2979, Time: 00:05:00

Health: -3/47      AC: 11    Str: 18    XL:     6   Next: 3%
Magic:  1/10       EV: 11    Int: 15    God:    Ignis [****..]
Gold:   84         SH:  0    Dex:  7    Spells: 5/11 levels left

rFire   . . .        a - +0 spear (freeze)
rCold   + . .        (no shield)
rNeg    + + +        b - +0 robe
rPois   ∞            f - +0 helmet
rElec   .            D - +0 cloak
rCorr   .            (no gloves)
SInv    .            (no boots)
Will    .....        (no amulet)
Stlth   +            (no ring)
HPRegen 0.27/turn    (no ring)
MPRegen 0.12/turn

%: faith
@: fiery-armoured
A: cold resistance 1, negative energy resistance 3, torment resistance 2, heat
vulnerability 1, in touch with death 1, no potions, faith
a: Renounce Religion, Fiery Armour, Foxfire Swarm, Rising Flame


You were on level 3 of the Dungeon.
You worshipped Ignis.
Ignis was greatly pleased with you.
You visited 1 branch of the dungeon, and saw 3 of its levels.

You collected 84 gold pieces.

Inventory:

Hand Weapons
 a - a +0 spear of freezing (weapon)
 e - a +0 sling
 h - a +2 short sword of electrocution
 z - a +2 dagger of protection
 C - a +0 trident
Missiles
 c - 14 stones
 g - a throwing net {=F}
 V - 5 atropa-tipped darts
Armour
 b - a +0 robe (worn)
 f - a +0 helmet (worn)
 D - a +0 cloak (worn)
Scrolls
 y - a scroll of immolation
 S - a scroll of butterflies
 T - a scroll of teleportation
 U - a scroll of enchant weapon


   Skills:
 - Level 3.0 Fighting
 - Level 2.4 Polearms
 + Level 1.9 Stealth
 + Level 3.2 Spellcasting
 * Level 2.5 Summonings
 * Level 3.8 Fire Magic


You had 5 spell levels left.
You knew the following spells:

 Your Spells              Type           Power      Damage    Failure   Level
s - Summon Blazeheart Go  Fire/Summ      11%        N/A       47%         4
C - Scorch                Fire           26%        2d6       6%          2

Your spell library contained the following spells:

 Spells                   Type           Power      Damage    Failure   Level
 Ensorcelled Hibernation  Hex/Ice        4%         N/A       30%         2
 Lesser Beckoning         Tloc           4%         N/A       30%         2
 Fugue of the Fallen      Necr           3%         N/A       52%         3
 Gell's Gravitas          Tloc           2%         N/A       52%         3
 Teleport Other           Tloc           2%         N/A       52%         3
 Anguish                  Hex/Necr       1%         N/A       89%         4
 Orb of Destruction       Conj           1%         9d5       100%        7
 Spellforged Servitor     Conj/Summ      3%         N/A       100%        7


Dungeon Overview and Level Annotations

Branches:
Dungeon (3/15) Zot: 15016

Altars:

Annotations:
D:3 Ijyb, Pargi


Innate Abilities, Weirdness & Mutations

You are immune to poison.
Your flesh is cold resistant. (rC+)
You are immune to negative energy. (rN+++)
You are immune to unholy pain and torment.
You are vulnerable to heat. (rF-)
You are in touch with the powers of death.
You do not drink.
You have a special connection with the divine. (Faith)


Message History

Your mind is blasted!
* * * LOW HITPOINT WARNING * * *
You hit Ijyb but do no damage.
Ijyb is lightly wounded.
Ijyb closely misses you.
You hit Ijyb but do no damage.
Ijyb is lightly wounded.
Ijyb closely misses you.
Casting: Scorch (safe; 6% risk of failure)
Confirm with . or Enter, or press ? or * to list all spells.
Flames lash Ijyb.
Ijyb is heavily wounded.
Ijyb barely misses you.
Unknown command.
Casting: Scorch (safe; 6% risk of failure)
Confirm with . or Enter, or press ? or * to list all spells.
Flames lash Ijyb but do no damage.
Ijyb hits you with a +0 dagger.
* * * LOW HITPOINT WARNING * * *
You barely miss Ijyb.
Ijyb is heavily wounded.
Ijyb zaps a wand.
You struggle to resist.
Use which ability? (? or * to list) Activating: Foxfire Swarm
Press: ? - help, Dir - look around, f - activate Flames leap up around you!
Ijyb closely misses you.
You barely miss Ijyb.
Ijyb is heavily wounded.
The foxfire hits Ijyb but does no damage.
Ijyb is heavily wounded.
The foxfire hits Ijyb.
Ijyb is severely wounded.
Ijyb closely misses you.
Ijyb is no longer more vulnerable to fire.
Ijyb screams, "I no like you!"
Use which ability? (? or * to list) Activating: Foxfire Swarm
Press: ? - help, Dir - look around, f - activate Flames leap up around you!
Ijyb closely misses you.
You barely miss Ijyb.
Ijyb is heavily wounded.
The foxfire hits Ijyb but does no damage.
Ijyb is heavily wounded.
The foxfire hits Ijyb but does no damage.
Ijyb is heavily wounded.
The foxfire hits Ijyb but does no damage.
Ijyb is heavily wounded.
Ijyb zaps a wand.
Your mind is blasted!
You die...

######## #....g@#
#)####.# #.####§######
###.##.##........######
#.........#.####......#
#.#.##.####.# ######.#
.. #.. ..# #.# g.. ###
#### #.# #. #.#


You could see Ijyb.

Vanquished Creatures
  2 ogres (D:3)
  Terence (D:2)
  3 adders
  A dart slug (D:3)
  7 orcs
  6 bats
  5 endoplasms
  2 giant cockroaches (D:2)
  4 goblins
  3 hobgoblins (D:1)
  A quokka (D:1)
  6 ball pythons
  3 frilled lizards
  3 kobolds
  7 rats
54 creatures vanquished.

Vanquished Creatures (others)
  5 foxfires (D:3)
5 creatures vanquished.

Grand Total: 59 creatures vanquished

Notes
Turn   | Place    | Note
-------+----------+-------------------------------------------
     0 | D:1      | Ge0ff the Mummy Cinder Acolyte began the quest for the Orb.
     0 | D:1      | Reached XP level 1. HP: 18/18 MP: 2/2
   108 | D:1      | Reached XP level 2. HP: 23/24 MP: 4/4
   117 | D:1      | Learned a level 2 spell: Scorch
   859 | D:2      | Reached skill level 1 in Stealth
   859 | D:2      | Reached XP level 3. HP: 27/29 MP: 1/6
  1109 | D:2      | Reached skill level 1 in Summonings
  1247 | D:2      | Noticed Terence
  1256 | D:2      | Killed Terence
  1257 | D:2      | Reached XP level 4. HP: 32/35 MP: 0/7
  2140 | D:3      | Noticed an ogre
  2151 | D:3      | Killed an ogre
  2152 | D:3      | Reached XP level 5. HP: 14/41 MP: 0/9
  2288 | D:3      | Noticed Pargi
  2295 | D:3      | Learned a level 4 spell: Summon Blazeheart Golem
  2598 | D:3      | Noticed an ogre
  2604 | D:3      | Killed an ogre
  2605 | D:3      | Reached XP level 6. HP: 47/47 MP: 1/10
  2951 | D:3      | Noticed Ijyb
  2979 | D:3      | Blown up by Ijyb

Illustrated notes

Levels and vault maps discovered:
D:1:      dpeg_arrival_rhombus, layout_rooms, serial_forest,
          infiniplex_forest_end_1, infiniplex_forest_clump_small,
          infiniplex_forest_clump_small, infiniplex_forest_3_way,
          infiniplex_forest_clump_medium, chequers_serial_rivers_micro_d,
          chequers_serial_rivers_small_a
D:2:      layout_loops_ring, uniq_terence
D:3:      layout_loops_cross, serial_aquarium, aquarium_bridge_square
          [aquarium_subvault_balcony, aquarium_subvault_bridge,
          aquarium_subvault_bridge, aquarium_subvault_wall],
          aquarium_bridge_straight [aquarium_subvault_bridge,
          aquarium_subvault_wall, aquarium_subvault_bridge,
          aquarium_subvault_wall], aquarium_window_fake, aquarium_window_3,
          aquarium_window_1, aquarium_window_1, aquarium_view_4,
          aquarium_view_2d, uniq_pargi, uniq_ijyb

Skill      XL: |  1  2  3  4  5 |
---------------+----------------+-----
Spellcasting   | 2 3 |  3.2
Stealth        | 1 |  1.9
Summonings     | 1 2 |  2.5
Fire Magic     | 3 |  3.8
Fighting       | |  3.0
Polearms       | |  2.4

Action                     |  1- 3 |  4- 6 || total
---------------------------+-------+-------++-------
  Melee: Spear             |    47 |    16 ||    63
   Cast: Scorch            |    24 |    37 ||    61
 Invoke: Fiery Armour      |     1 |     1 ||     2
         Foxfire Swarm     |       |     2 ||     2
    Use: Scroll            |       |     7 ||     7
   Stab: Sleeping          |     1 |       ||     1
 Armour: Robe              |    27 |    13 ||    40
  Dodge: Dodged            |    25 |    25 ||    50

Table legend: (Time is in decaauts)
 A = Elapsed time spent in this place.
 B = Non-inter-level travel time spent in this place.
 C = Inter-level travel time spent in this place.
 D = Time resting spent in this place.
 E = Time spent auto-exploring this place.
 F = Levels seen in this place.
 G = Mean time per level.
                   A        B        C        D        E       F      G
               +--------+--------+--------+--------+--------+-----+--------+
         Total |   2982 |   2932 |     50 |      6 |   2483 |   3 |  994.0 |
       Dungeon |   2982 |   2932 |     50 |      6 |   2483 |   3 |  994.0 |
               +--------+--------+--------+--------+--------+-----+--------+

Top non-repeatable levels by time:
     D:2: 1196 daAuts
     D:1: 910 daAuts
     D:3: 876 daAuts
